AoeStats
← EvenEdge

Black Forest

510386780Analyzed
4v4 RM · 2d ago on Sep 30, 2026· 19m 52s· 8 players
Game mode
Random Map
Map size
Large (8 player)
Population
200
Speed
Normal
Resources
Standard
Victory
Conquest
Starting age
Dark Age
Ending age
Imperial Age
RankedLock teamsTeams togetherTeam positionsShared explorationLock speedFull tech treeHidden civsTurbo modeCheats
Victory
Defeat
🇨🇦 Saxons · Canada
1086
+14
🇺🇸 Britons · United States
1045
+16
🇵🇰 Bohemians · Pakistan
1041
+16
🇬🇧 Japanese · United Kingdom
1028
+17
🇩🇪 Persians · Germany
1079
-18
🇩🇪 Italians · Germany
1057
-16
🇵🇱 Inca · Poland
1035
-15
🇩🇪 Teutons · Germany
1012
-14
House of Bebu
11:26 Feudal Age
13:29 Loom
16:16 Castle Age
14:06 Double-Bit Axe
16:03 Horse Collar
18:41 Bow Saw
19:40 Fishing Lines
EvenEdge
0:52 Loom
12:17 Feudal Age
19:43 Castle Age
17:43 Double-Bit Axe
17:52 Gold Mining
17:47 Horse Collar
19:10 Fletching
youtube.com/@Murkwilect
2:48 Loom
12:23 Feudal Age
13:15 Double-Bit Axe
13:13 Horse Collar
21:31 Castle Age
20:11 Wheelbarrow
NSN WAJID
0:33 Loom
14:15 Feudal Age
16:27 Double-Bit Axe
16:25 Horse Collar
19:26 Castle Age
19:49 Wheelbarrow
xXTOUROXx
0:29 Loom
14:06 Feudal Age
chaconuribedesign
0:31 Loom
12:05 Feudal Age
14:52 Fletching
Mitochondrium
10:14 Feudal Age
10:48 Horse Collar
11:23 Double-Bit Axe
12:14 Loom
17:01 Castle Age
18:26 Heavy Plow
18:36 Bow Saw
Magu
11:32 Feudal Age
15:35 Castle Age
13:35 Double-Bit Axe
13:33 Horse Collar
17:04 Bow Saw
16:58 Heavy Plow
Connection lost

Rejoining the realm…

Still unreachable

The connection could not be restored.

Session expired

The server has moved on; the page needs a fresh start.